 Dungeon Crawl Stone Soup version 0.23.1-37-gaa34b87b72 (webtiles) character file.

Game seed: 16252178000283841749

1349 Peloso the Slasher (level 8, -6/70 HPs)
             Began as a Minotaur Fighter on Mar 27, 2019.
             Was an Initiate of Okawaru.
             Killed from afar by a raiju (9 damage)
             ... with a living lightning
             ... on level 1 of the Abyss.
             The game lasted 00:10:52 (4574 turns).

Peloso the Slasher (Minotaur Fighter)               Turns: 4574, Time: 00:10:53

Health: -6/70      AC: 16    Str: 21    XL:     8   Next: 36%
Magic:  7/7        EV:  8    Int:  5    God:    Okawaru [......]
Gold:   600        SH: 11    Dex: 12    Spells: 7/7 levels left

rFire    . . .     SeeInvis .   a - +1 long sword
rCold    . . .     Gourm    .   c - +1 shield
rNeg     . . .     Faith    .   p - +0 chain mail
rPois    .         Spirit   .   (helmet restricted)
rElec    .         Reflect  .   l - +0 cloak
rCorr    .         Harm     .   s - +0 pair of gloves
MR       .....                  u - +2 pair of boots
Stlth    ..........             (no amulet)
HPRegen  0.21/turn              i - +1 ring of evasion
MPRegen  0.10/turn              (no ring)

@: very slow
A: retaliatory headbutt, horns 2
a: Renounce Religion


You were on level 1 of the Abyss.
You worshipped Okawaru.
Okawaru was noncommittal.
You were not hungry.

You visited 1 branch of the dungeon, and saw 5 of its levels.
You visited the Abyss 1 time.
You also visited: Ossuary.

You collected 600 gold pieces.

Inventory:

Hand Weapons
 a - a +1 long sword (weapon)
Armour
 b - a +0 scale mail
 c - a +1 shield (worn)
 l - a +0 cloak (worn)
 p - a +0 chain mail (worn)
 s - a +0 pair of gloves (worn)
 u - a +2 pair of boots (worn)
Jewellery
 i - a +1 ring of evasion (left hand)
Wands
 r - a wand of random effects (24)
 t - a wand of digging (6)
Scrolls
 g - 7 scrolls of identify
 k - a scroll of blinking {unknown}
 n - a scroll of immolation {unknown}
 o - a scroll of summoning {unknown}
 v - a scroll of noise {unknown}
 w - 2 scrolls of enchant armour
 x - a scroll of amnesia
 y - a scroll of vulnerability {unknown}
Potions
 d - 4 potions of might
 e - 7 potions of heal wounds {unknown}
 h - 5 potions of curing
 j - a potion of mutation {unknown}
 m - a potion of agility {unknown}
 q - 2 potions of ambrosia {unknown}
Comestibles
 f - 5 rations


   Skills:
 + Level 6.1 Fighting
 + Level 7.6 Long Blades
 + Level 7.1 Armour
 + Level 2.6 Dodging
 + Level 0.5 Stealth
 + Level 6.1 Shields


You had 7 spell levels left.
You didn't know any spells.
Your spell library was empty.

Dungeon Overview and Level Annotations

Branches:
Dungeon (5/15)
 Temple: D:4-7

Altars:
Elyvilon
Okawaru
Qazlal
Ru

Annotations:
D:5 Edmund


Innate Abilities, Weirdness & Mutations

You reflexively headbutt those who attack you in melee.
You have a pair of horns on your head.


Message History

The living lightning hits you!
* * * LOW HITPOINT WARNING * * *
The living lightning hits the raiju.
The raiju completely resists.
The raiju blinks!
The raiju barely misses you. You furiously retaliate!
You headbutt the raiju, but do no damage.
The raiju bites you but does no damage.
Your chain mail prevents you from hitting the raiju.
The raiju is moderately wounded.
The raiju closely misses you. You furiously retaliate!
You headbutt the raiju.
You riposte.
You miss the raiju.
The raiju is moderately wounded.
The raiju bites you.
* * * LOW HITPOINT WARNING * * *
The raiju shocks you!
* * * LOW HITPOINT WARNING * * *
The raiju splashes around in the water.
Your unstable footing causes you to fumble your attack.
The raiju bursts into living lightning!
The living lightning hits you!
You die...

# ##.. .# .... .. # ..
##.#... .. # .##.#.
..# ...### # .##... #.
≈ #.#.#..#. ...# ≈≈≈#
#####h..## ## . #
≈≈≈≈.##≈.#.##..# # ..
.# ≈≈≈≈≈≈≈hh...#.## .#
.. . ≈≈≈≈≈≈≈≈@h≈≈≈≈##
.#.#...
≈≈≈≈≈≈≈≈≈≈≈≈.≈#. .≈!
#.# ≈≈≈≈≈≈§≈≈≈♣≈..≈..
#. #.#
≈≈≈≈≈#≈≈≈≈≈≈.X≈...≈ ##
#≈≈≈≈.≈≈≈≈≈♣≈≈≈≈≈≈≈≈≈.
# .≈ .≈≈≈≈≈≈≈≈≈≈≈≈≈≈≈
≈. #####≈♣≈#≈≈≈♣≈≈≈≈≈≈
≈≈. ≈≈#.#≈≈≈≈≈≈
≈≈≈≈≈≈♣ . .#..≈♣≈≈≈≈≈≈
≈≈≈≈≈


You could see a large abomination and 4 raiju.

Vanquished Creatures
  Sigmund (D:2)
  A black bear (D:4)
  A phantom (D:4)
  An ogre (D:4)
  2 centaurs
  2 scorpions
  A howler monkey (D:3)
  A crimson imp (D:5)
  2 hounds
  Crazy Yiuf (D:2)
  3 orc wizards (D:4)
  3 iguanas
  A worker ant (D:5)
  8 mummies (Ossuary)
  A hound skeleton (D:5)
  8 adders
  An ooze (D:1)
  4 dart slugs
  5 worms
  5 leopard geckos
  15 orcs
  4 giant cockroaches
  12 hobgoblins
  12 jackals
  2 quokkas
  A ball python (D:1)
  A ball python skeleton (D:4)
  7 bats
  5 frilled lizards
  11 goblins
  5 hobgoblin zombies (Ossuary)
  6 kobolds
  3 kobold zombies (Ossuary)
  8 rats
144 creatures vanquished.

Vanquished Creatures (others)
  A quokka (D:3)
  4 toadstools (D:1)
5 creatures vanquished.

Grand Total: 149 creatures vanquished

Notes
Turn   | Place    | Note
-------+----------+-------------------------------------------
     0 | D:1      | Peloso the Minotaur Fighter began the quest for the Orb.
     0 | D:1      | Reached XP level 1. HP: 19/19 MP: 0/0
   140 | D:1      | Reached XP level 2. HP: 17/27 MP: 1/1
   270 | D:1      | Reached XP level 3. HP: 30/33 MP: 2/2
   806 | D:2      | Noticed Sigmund
   816 | D:2      | Killed Sigmund
   816 | D:2      | Reached skill level 5 in Long Blades
   816 | D:2      | Reached XP level 4. HP: 25/41 MP: 3/3
   816 | D:2      | Reached XP level 5. HP: 29/47 MP: 4/4
   817 | D:2      | Reached skill level 1 in Dodging
   838 | D:2      | Found a sacrificial altar of Ru.
  1408 | D:2      | Found a runed translucent door.
  1409 | D:2      | Noticed Crazy Yiuf
  1576 | D:2      | Killed Crazy Yiuf
  1644 | D:3      | Reached XP level 6. HP: 47/53 MP: 5/5
  1660 | D:3      | Reached skill level 5 in Armour
  2026 | D:3      | Found a white marble altar of Elyvilon.
  2112 | D:3      | Reached skill level 5 in Fighting
  2655 | D:4      | Reached XP level 7. HP: 56/61 MP: 6/6
  2666 | D:4      | Reached skill level 5 in Shields
  3340 | D:4      | Found an iron altar of Okawaru.
  3349 | D:4      | Reached XP level 8. HP: 59/70 MP: 7/7
  3353 | D:4      | Became a worshipper of Warmaster Okawaru
  3549 | D:5      | Entered Level 5 of the Dungeon
  3670 | D:5      | Found a sand-covered staircase.
  3757 | Ossuary  | Entered an ossuary
  4475 | D:5      | Found a faded altar of an unknown god.
  4475 | D:5      | Found a stormy altar of Qazlal.
  4475 | D:5      | Noticed Edmund
  4486 | D:5      | Cast into level 1 of the Abyss (Edmund)
  4559 | Abyss:1  | Noticed a raiju
  4559 | Abyss:1  | Noticed a raiju
  4559 | Abyss:1  | Noticed a raiju
  4559 | Abyss:1  | Noticed a raiju
  4573 | Abyss:1  | HP: 2/70 [raiju (8)]
  4574 | Abyss:1  | Killed from afar by a raiju

Skill      XL: |  1  2  3  4  5  6  7  8 |
---------------+-------------------------+-----
Fighting       | 4 5 6 |  6.1
Armour         | 4 5 6 7 |  7.1
Long Blades    | 3 5 6 7 |  7.6
Shields        | 4 5 6 |  6.1
Dodging        | 1 2 |  2.6
Stealth        | |  0.5

Action                   |  1- 3 |  4- 6 |  7- 9 || total
-------------------------+-------+-------+-------++-------
Melee: Long sword        |    81 |   119 |   138 ||   338
       Headbutt          |    14 |    19 |    36 ||    69
  Use: Scroll            |     2 |       |     4 ||     6
       Potion            |     1 |       |       ||     1
  Eat: Chunk             |       |     5 |     5 ||    10
       Ration            |       |       |     1 ||     1
Armor: Scale mail        |    31 |    75 |    16 ||   122
       Chain mail        |       |       |    21 ||    21
Dodge: Dodged            |    13 |    50 |    41 ||   104
Block: Shield            |    43 |    84 |    80 ||   207
       Rpst.: Long sword |     6 |    13 |    12 ||    31
